 Dungeon Crawl Stone Soup version 0.30-a0-778-g2ef04afb54 (webtiles) character file.

Game seed: 17713017998490703594

683 Zonian the Trooper (level 7, -11/38 HPs)
             Began as a Vine Stalker Fighter on Feb 17, 2023.
             Mangled by Pikel
             ... wielding a +1 whip of electrocution
              (17 damage)
             ... on level 4 of the Dungeon.
             The game lasted 00:05:49 (2649 turns).

Zonian the Trooper (Vine Stalker Fighter)           Turns: 2649, Time: 00:05:49

Health: -11/38     AC:  4    Str: 18    XL:     7   Next: 61%
Magic:  0/8        EV: 14    Int:  8    God:
Gold:   193        SH:  5    Dex: 16    Spells: 6/6 levels left

rFire   . . .      SeeInvis .    a - +0 rapier
rCold   . . .      Faith    .    c - +0 buckler
rNeg    . . .      Spirit   +    b - +0 scale mail
rPois   .          Reflect  .    (no helmet)
rElec   .          Harm     .    (no cloak)
rCorr   .          Rampage  .    p - +0 pair of gloves
Will    .....                    (no boots) Stlth
                                 (no amulet)
HPRegen 1.06/turn                t - +5 ring of evasion
MPRegen 0.11/turn                k - +4 ring of slaying

@: corroded
A: fangs 2, regeneration 1, magic shield, antimagic bite, no potion heal 2
a: no special abilities


You were on level 4 of the Dungeon.
You visited 1 branch of the dungeon, and saw 4 of its levels.

You collected 193 gold pieces.

Inventory:

Hand Weapons
 a - a +0 rapier (weapon)
Armour
 b - a +0 scale mail (worn)
 c - a +0 buckler (worn)
 p - a +0 pair of gloves (worn)
Jewellery
 i - an amulet of faith
 k - a +4 ring of slaying (right hand)
 s - a ring of protection from cold
 t - a +5 ring of evasion (left hand)
Scrolls
 m - a scroll of teleportation {unknown}
 q - a scroll of immolation {unknown}
 r - a scroll of blinking {unknown}
Potions
 f - 2 potions of brilliance
 g - a potion of degeneration {unknown}
 h - 2 potions of flight
 j - 3 potions of curing
 l - 2 potions of resistance {unknown}
 n - 2 potions of invisibility {unknown}
 o - a potion of mutation {unknown}


   Skills:
 + Level 4.5 Fighting
 + Level 4.0 Short Blades
 + Level 4.1 Armour
 + Level 4.5 Shields


You had 6 spell levels left.
You didn't know any spells.
Your spell library contained the following spells:

 Spells                   Type           Power      Damage    Failure   Level
 Magic Dart               Conj           0%         1d3       86%         1
 Searing Ray              Conj           0%         2d4       95%         2
 Gell's Gravitas          Tloc           0%         N/A       99%         3
 Teleport Other           Tloc           0%         N/A       99%         3
 Fulminant Prism          Conj/Hex       0%         3d5       100%        4
 Dispersal                Tloc           0%         N/A       100%        6


Dungeon Overview and Level Annotations

Branches:
Dungeon (4/15)
 Temple: D:4-7

Altars:
Ashenzari
Cheibriados
Dithmenos
Fedhas
Makhleb
Okawaru
Qazlal
Ru
Vehumet

Annotations:
D:4 Pikel


Innate Abilities, Weirdness & Mutations

You have extremely sharp teeth.
Your natural rate of healing is unusually fast.
When hurt, damage is shared between your health and your magic reserves.
Your bite disrupts and absorbs the magic of your enemies.
Potions cannot restore your health.


Message History

Unknown command.
Okay, then.
Okay, then.
The air fills with toxic fumes!
As you read the scroll labelled RINUAKLEZAU, it crumbles to dust.
It was a scroll of poison.
Pikel misses you. The jelly hits you but does no damage.
You hit Pikel.
Pikel is lightly wounded.
Pikel barely misses you. The jelly hits you but does no damage.
Pikel completely misses you.
Throw: throwing net
Press: ? - help, Shift-Dir - straight line, f - Pikel
Aim: Pikel, wielding a +1 whip of electrocution and wearing a +0 robe (lightly wounded, berserk, 60% to hit)
You throw a throwing net. The throwing net hits Pikel.
Pikel is caught in the net!
Pikel is lightly wounded.
Pikel struggles against the net.
You block the jelly's attack.
Unknown command.
You hit Pikel. You bite Pikel. You drain his power.
Pikel is lightly wounded.
Pikel struggles against the net.
The jelly barely misses you.
Pikel struggles against the net.
The net rips apart, and Pikel comes free!
You hit Pikel. You bite Pikel. You drain his power.
Pikel is moderately wounded.
Pikel barely misses you. The jelly hits you but does no damage.
Pikel hits you with a +1 whip of electrocution!
You are electrocuted!!
You hit Pikel. Your bite misses Pikel.
Pikel is moderately wounded.
You block the jelly's attack. You block Pikel's attack.
The jelly hits you but does no damage.
Unknown command.
You hit Pikel.
Pikel is moderately wounded.
Pikel hits you with a +1 whip of electrocution!
* * * LOW HITPOINT WARNING * * *
You are electrocuted!!
You die...

§○☼§§§§§§§§§☼§§
☼§§§§§☼☼☼§§§§○§
○☼§5§§§§§§§○§§§.
§§§5○§§§§☼§§§§§..
○§§☼○☼§§§§○☼§§☼...
§§§§§5§§☼§§§§§☼....
§§§§§§○J☼§§§§§§.........
§§☼§§☼K@§§☼§§§§.........
○§§§§§○☼☼○☼§§○§.........
§§§§☼§☼☼§☼§§§§§.........
§§§§§○§§§§§§§☼§.........
☼§☼§§§§☼§§§○☼§§.........
#§○§§☼§§☼§☼§§§§.........
###§§§§○☼§○§§☼§.........
##☼☼§§☼§§☼○§○.........
##...................


You could see Pikel (berserk), 3 lemures and a jelly.

Vanquished Creatures
  Grinder (D:3)
  Sigmund (D:3)
  A howler monkey (D:4)
  An orc priest (D:3)
  Terence (D:3)
  Jessica (D:2)
  An orc wizard (D:3)
  Natasha (thrice) (D:2)
  3 adders
  A dart slug (D:1)
  3 orcs
  6 ball pythons
  6 endoplasms
  3 giant cockroaches
  5 goblins
  7 hobgoblins
  2 jackals (D:3)
  4 kobolds
  5 quokkas
  8 bats
  5 frilled lizards
  8 rats
76 creatures vanquished.

Notes
Turn   | Place    | Note
-------+----------+-------------------------------------------
     0 | D:1      | Zonian the Vine Stalker Fighter began the quest for the
                  | Orb.
     0 | D:1      | Reached XP level 1. HP: 11/11 MP: 2/2
   178 | D:1      | Reached XP level 2. HP: 12/16 MP: 1/3
   566 | D:1      | Reached XP level 3. HP: 20/20 MP: 4/4
   789 | D:2      | Noticed Natasha
   799 | D:2      | Killed Natasha
   800 | D:2      | Gained mutation: Your natural rate of healing is unusually
                  | fast. [Vine Stalker growth]
   800 | D:2      | Reached XP level 4. HP: 6/24 MP: 3/5
  1257 | D:2      | Noticed Jessica
  1271 | D:2      | Killed Jessica
  1312 | D:2      | Noticed Natasha
  1576 | D:2      | Killed Natasha
  1577 | D:2      | Reached XP level 5. HP: 23/28 MP: 3/6
  1721 | D:2      | Noticed Natasha
  1731 | D:2      | Killed Natasha
  1863 | D:3      | Found an iron altar of Okawaru.
  1890 | D:3      | Noticed Sigmund
  1914 | D:3      | Killed Sigmund
  1915 | D:3      | Reached XP level 6. HP: 31/33 MP: 7/7
  2106 | D:3      | Noticed Terence
  2125 | D:3      | Killed Terence
  2240 | D:3      | Noticed Grinder
  2242 | D:3      | Paralysed by Grinder for 2 turns
  2260 | D:3      | Killed Grinder
  2261 | D:3      | Reached XP level 7. HP: 38/38 MP: 6/8
  2376 | D:3      | Found a snail-covered altar of Cheibriados.
  2379 | D:3      | Found a radiant altar of Vehumet.
  2388 | D:3      | Found a broken altar of Ashenzari.
  2389 | D:3      | Found a stormy altar of Qazlal.
  2392 | D:3      | Found a burning altar of Makhleb.
  2393 | D:3      | Found a sacrificial altar of Ru.
  2399 | D:3      | Found a shadowy altar of Dithmenos.
  2400 | D:3      | Found a blossoming altar of Fedhas.
  2638 | D:4      | Noticed Pikel
  2649 | D:4      | Mangled by Pikel

Illustrated notes

Levels and vault maps discovered:
D:1:      dpeg_arrival_long_road, layout_loops_cross, st_stairs_11
D:2:      layout_loops_ring, minmay_fractal_squares_gapless_5, uniq_natasha,
          uniq_jessica
D:3:      layout_rooms, okawaru_ov_weapons_minmay,
          nicolae_overflow_hallway_of_the_gods, grunt_decor_cap,
          interstate_on_off, uniq_terence, uniq_grinder, uniq_sigmund
D:4:      layout_layer_cave, uniq_pikel

Skill      XL: |  1  2  3  4  5  6  7 |
---------------+----------------------+-----
Short Blades   | 2 3 4 |  4.0
Shields        | 3 4 |  4.5
Fighting       | 3 4 |  4.5
Armour         | 3 4 |  4.1

Action                     |  1- 3 |  4- 6 |  7- 9 || total
---------------------------+-------+-------+-------++-------
  Melee: Rapier            |    69 |   127 |    29 ||   225
         Bite              |    17 |    26 |     7 ||    50
  Throw: Throwing net      |       |     2 |     1 ||     3
    Use: Potion            |       |     1 |       ||     1
         Scroll            |       |     3 |     1 ||     4
 Armour: Scale mail        |    22 |    36 |     9 ||    67
  Dodge: Dodged            |    31 |    65 |    12 ||   108
  Block: Buckler           |    23 |    23 |     6 ||    52

Table legend: (Time is in decaauts)
 A = Elapsed time spent in this place.
 B = Non-inter-level travel time spent in this place.
 C = Inter-level travel time spent in this place.
 D = Time resting spent in this place.
 E = Time spent auto-exploring this place.
 F = Levels seen in this place.
 G = Mean time per level.
                   A        B        C        D        E       F      G
               +--------+--------+--------+--------+--------+-----+--------+
         Total |   2671 |   2603 |     68 |    543 |   1420 |   4 |  667.8 |
       Dungeon |   2671 |   2603 |     68 |    543 |   1420 |   4 |  667.8 |
               +--------+--------+--------+--------+--------+-----+--------+

Top non-repeatable levels by time:
     D:2: 1134 daAuts
     D:3: 760 daAuts
     D:1: 718 daAuts
     D:4: 57 daAuts
